 Dungeon Crawl Stone Soup version 0.18-a0-1551-g40744a8 (webtiles) character file.

4194 Kidiri the Thaumaturge (level 10, -1/55 HPs)
             Began as a Deep Elf Fire Elementalist on Mar 11, 2016.
             Was a Believer of Vehumet.
             Slain by a six-headed hydra (9 damage)
             ... on level 1 of the Lair of Beasts.
             The game lasted 00:46:12 (12352 turns).

Kidiri the Thaumaturge (DEFE)                      Turns: 12352, Time: 00:46:12

Health: -1/55      AC:  9    Str:  5    XL:     10   Next: 8%
Magic:  6/24       EV: 20    Int: 24    God:    Vehumet [**....]
Gold:   293        SH:  5    Dex: 20    Spells: 9 memorised, 3 levels left

rFire  . . .     SeeInvis .     s - staff of energy
rCold  + . .     Gourm    .     A - +2 robe {rC+}
rNeg   . . .     Faith    .     d - +0 buckler
rPois  .         Spirit   .     e - +2 helmet
rElec  .         Dismiss  .     (no cloak)
rCorr  .         Reflect  .     n - +1 pair of gloves
SustAt .         Harm     .     (no boots)
MR     +....                    (no amulet)
Stlth  ++++......               g - +5 ring of dexterity
                                C - +2 ring of evasion

@: very slightly contaminated, somewhat resistant to hostile enchantments,
stealthy
A: mutation resistance 1
a: Renounce Religion


You were on level 1 of the Lair of Beasts.
You worshipped Vehumet.
Vehumet was pleased with you.
You were not hungry.

You visited 3 branches of the dungeon, and saw 10 of its levels.

You collected 538 gold pieces.
You spent 245 gold pieces at shops.

Inventory:

Hand Weapons
 i - a +1 dagger of venom
 q - a +1 dagger of holy wrath
 B - a +0 dagger of protection
Armour
 d - a +0 buckler (worn)
 e - a +2 helmet (worn)
 n - a +1 pair of gloves (worn)
 w - a +2 large shield
 A - a +2 robe of cold resistance (worn)
 J - a +2 leather armour of fire resistance
Magical Staves
 s - an uncursed staff of energy (weapon)
Jewellery
 g - a +5 ring of dexterity (right hand)
 C - a +2 ring of evasion (left hand)
Wands
 f - a wand of confusion (25/48)
 m - a wand of digging (10/24)
 t - a wand of random effects (14/48)
 u - a wand of paralysis (14/24)
 H - a wand of confusion (13/48)
Scrolls
 y - 2 scrolls of magic mapping
 D - 2 scrolls of teleportation
 E - 2 scrolls of amnesia
 F - a scroll of remove curse
Potions
 h - a potion of invisibility
 j - 4 potions of flight
 l - 3 potions of curing
 o - 3 potions of resistance
 p - a potion of brilliance {unknown}
 r - a potion of might
 v - a potion of heal wounds
 x - 3 potions of haste
 z - 2 potions of lignification
 I - a potion of cancellation {unknown}
Books
 b - a book of Flames

   Spells                             Type                      Level
   a - Flame Tongue                   Conjuration/Fire             1
   b - Throw Flame                    Conjuration/Fire             2
   c - Conjure Flame                  Conjuration/Fire             3
   d - Inner Flame                    Hexes/Fire                   3
   e - Sticky Flame                   Conjuration/Fire             4
   f - Fireball                       Conjuration/Fire             5
Comestibles
 c - 8 bread rations
 k - 3 meat rations
 G - 8 slices of pizza


   Skills:
 + Level 2.8 Fighting
 + Level 3.2 Armour
 * Level 7.1 Dodging
 + Level 5.7 Stealth
 + Level 3.3 Shields
 * Level 8.7 Spellcasting
 + Level 4.4 Conjurations
 + Level 5.1 Hexes
 + Level 5.3 Fire Magic
 + Level 2.0 Air Magic
 + Level 2.9 Earth Magic
 + Level 0.0 Poison Magic
 + Level 3.7 Evocations


You had 3 spell levels left.
You knew the following spells:

 Your Spells              Type           Power        Failure   Level  Hunger
a - Flame Tongue          Conj/Fire      ####.        1%          1    None
b - Throw Flame           Conj/Fire      ####..       1%          2    None
c - Conjure Flame         Conj/Fire      ####....     2%          3    None
d - Inner Flame           Hex/Fire       #####...     2%          3    None
e - Sticky Flame          Conj/Fire      ####....     10%         4    None
f - Fireball              Conj/Fire      ####......   24%         5    None
g - Sandblast             Erth           ###...       1%          1    None
h - Shock                 Conj/Air       ####         1%          1    None
i - Mephitic Cloud        Conj/Pois/Air  ###.....     10%         3    None


Dungeon Overview and Level Annotations

Branches:
Dungeon (8/15)             Temple (1/1) D:4            Lair (1/8) D:8

Altars:
Cheibriados
Dithmenos
Elyvilon
Fedhas
Gozag
Kikubaaqudgha
Makhleb
Nemelex Xobeh
Okawaru
Pakellas
Qazlal
Ru
Sif Muna
Trog
Vehumet
Yredelemnul
The Shining One

Shops:
D:6 ?

Annotations:
Lair:1 exclusion: oklob plant


Innate Abilities, Weirdness & Mutations

You are somewhat resistant to further mutation.


Message History

The six-headed hydra bites you!
The six-headed hydra completely misses you.
The six-headed hydra bites you. The six-headed hydra misses you.
The six-headed hydra closely misses you.
Casting: Flame Tongue
Confirm with . or Enter, or press ? or * to list all spells.
Aiming: Sticky Flame
Press: ? - help, Shift-Dir - straight line, f/p - six-headed hydra
Aim: a six-headed hydra (flame, heavily wounded)
The sticky flame hits the six-headed hydra.
The six-headed hydra is heavily wounded.
The six-headed hydra is covered in liquid flames!
The six-headed hydra burns!
The six-headed hydra is engulfed in roaring flames.
The six-headed hydra bites you! x3
* * * LOW HITPOINT WARNING * * *
The six-headed hydra misses you.
You block the six-headed hydra's attack.
The six-headed hydra bites you!
You die...

###...####
##... ##...#P#
....#
#.#...####
....
####...#.#
##..# #.##..##
#..#
####...###..##
####......#
##....##
###@## ##D#
#.# ##.....P.
..#.P_P ....
P# .....
.....# ..%.##


You could see a six-headed hydra (burning).

Vanquished Creatures
  A cyclops (D:8)
  A centaur zombie (D:7)
  Joseph (D:7)
  Prince Ribbit (D:7)
  Grinder (D:4)
  A human (D:8)
  An orc warrior (D:6)
  An ice beast (D:5)
  2 black bears (D:8)
  A necrophage (D:8)
  An ogre (D:5)
  A centaur (D:5)
  A big kobold (D:8)
  4 giant frogs
  5 scorpions
  9 wights (D:8)
  2 crimson imps (D:6)
  2 hounds
  A jelly (D:7)
  2 orc priests
  A giant frog skeleton (D:6)
  4 orc wizards
  Ijyb (D:2)
  3 iguanas
  Jessica (D:2)
  5 worker ants
  4 sheep (D:8)
  A hound skeleton (D:4)
  2 worker ant zombies
  Robin (D:4)
  7 gnolls (D:3)
  A howler monkey skeleton (D:7)
  11 adders
  4 shadow imps
  2 oozes
  An adder zombie (D:5)
  2 adder skeletons
  2 worms (D:2)
  6 dart slugs
  4 giant geckos
  19 orcs
  12 bats
  3 giant cockroaches
  15 goblins
  17 hobgoblins
  11 jackals
  4 quokkas
  2 ball pythons
  A giant gecko skeleton (D:5)
  3 giant newts
  12 kobolds
  A quokka zombie (D:7)
  2 rats (D:2)
204 creatures vanquished.

Notes
Turn   | Place    | Note
--------------------------------------------------------------
     0 | D:1      | Kidiri the Deep Elf Fire Elementalist began the quest for the Orb.
     0 | D:1      | Reached XP level 1. HP: 10/10 MP: 6/6
   318 | D:1      | Reached XP level 2. HP: 15/15 MP: 2/8
   322 | D:1      | Learned a level 2 spell: Throw Flame
   685 | D:1      | Reached XP level 3. HP: 19/19 MP: 5/10
   690 | D:1      | Learned a level 3 spell: Conjure Flame
   694 | D:1      | Learned a level 3 spell: Inner Flame
  1254 | D:2      | Reached skill level 4 in Spellcasting
  1361 | D:2      | Noticed Jessica
  1365 | D:2      | Killed Jessica
  1365 | D:2      | Reached XP level 4. HP: 22/24 MP: 7/12
  1636 | D:2      | Reached skill level 1 in Shields
  1964 | D:2      | Reached skill level 1 in Hexes
  2259 | D:2      | Noticed Ijyb
  2270 | D:2      | Killed Ijyb
  2270 | D:2      | Reached skill level 1 in Armour
  2270 | D:2      | Reached XP level 5. HP: 26/28 MP: 7/13
  2896 | D:3      | Found an oddly glowing altar of Pakellas.
  3252 | D:3      | Learned a level 4 spell: Sticky Flame
  3477 | D:3      | Reached skill level 1 in Fighting
  4014 | D:4      | Reached XP level 6. HP: 34/34 MP: 5/15
  4281 | D:4      | Noticed Grinder
  4296 | D:4      | Paralysed by Grinder for 5 turns
  4303 | D:4      | Killed Grinder
  4303 | D:4      | Reached skill level 5 in Spellcasting
  4599 | D:4      | Found a bloodstained altar of Trog.
  4599 | D:4      | Found a shadowy altar of Dithmenos.
  4601 | D:4      | Found a radiant altar of Vehumet.
  4607 | D:4      | Became a worshipper of Vehumet
  4648 | D:4      | Found a white marble altar of Elyvilon.
  4648 | D:4      | Found a sacrificial altar of Ru.
  4650 | D:4      | Found a sparkling altar of Nemelex Xobeh.
  4652 | D:4      | Found an oddly glowing altar of Pakellas.
  4658 | D:4      | Found a stormy altar of Qazlal.
  4659 | D:4      | Found a basalt altar of Yredelemnul.
  4744 | D:4      | Found a staircase to the Ecumenical Temple.
  4756 | Temple   | Entered the Ecumenical Temple
  5020 | D:4      | Noticed Robin
  5029 | D:4      | Reached XP level 7. HP: 34/38 MP: 2/16
  5073 | D:4      | Killed Robin
  5525 | D:4      | Reached skill level 1 in Evocations
  5932 | D:4      | Reached * piety under Vehumet
  5932 | D:4      | Offered knowledge of Sandblast by Vehumet.
  5935 | D:4      | Learned a level 1 spell: Sandblast
  6158 | D:5      | Entered Level 5 of the Dungeon
  6187 | D:5      | Found an opulent altar of Gozag.
  6552 | D:5      | Reached skill level 5 in Dodging
  6552 | D:5      | Reached skill level 6 in Spellcasting
  6931 | D:5      | Reached XP level 8. HP: 37/43 MP: 19/19
  6941 | D:5      | Learned a level 5 spell: Fireball
  7278 | D:5      | Found a blossoming altar of Fedhas.
  7634 | D:6      | Gained mutation: You are somewhat resistant to further mutation. [potion of mutation]
  7770 | D:6      | Reached skill level 1 in Earth Magic
  8204 | D:6      | Found Rexzepredwu's Magic Scroll Shop.
  8212 | D:6      | Bought a scroll of identify for 28 gold pieces
  8212 | D:6      | Bought a scroll of enchant armour for 105 gold pieces
  8212 | D:6      | Bought a scroll of identify for 28 gold pieces
  8212 | D:6      | Bought a scroll of identify for 28 gold pieces
  8212 | D:6      | Bought a scroll of identify for 28 gold pieces
  8212 | D:6      | Bought a scroll of identify for 28 gold pieces
  8463 | D:6      | Reached skill level 7 in Spellcasting
  9083 | D:7      | Reached XP level 9. HP: 36/48 MP: 4/22
  9295 | D:7      | You fall through a shaft!
  9536 | D:8      | Found a staircase to the Lair.
  9712 | D:8      | Reached ** piety under Vehumet
  9712 | D:8      | Offered knowledge of Shock by Vehumet.
  9712 | D:8      | Reached skill level 5 in Stealth
  9715 | D:8      | Learned a level 1 spell: Shock
  9816 | D:8      | Noticed a cyclops
  9823 | D:8      | Killed a cyclops
  9823 | D:8      | Reached skill level 8 in Spellcasting
  9823 | D:8      | Reached skill level 5 in Fire Magic
  9823 | D:8      | Reached skill level 1 in Air Magic
 10982 | D:7      | Got an encrusted scale mail
 10993 | D:7      | Identified the +6 scale mail of Gravity {MR+ Int+2} (You found it on level 7 of the Dungeon)
 11057 | D:7      | Noticed Joseph
 11073 | D:7      | Killed Joseph
 11073 | D:7      | Reached skill level 5 in Hexes
 11073 | D:7      | Reached XP level 10. HP: 40/54 MP: 13/24
 11226 | D:7      | Noticed Prince Ribbit
 11306 | D:7      | Killed Prince Ribbit
 11458 | D:7      | Offered knowledge of Mephitic Cloud by Vehumet.
 11463 | D:7      | Learned a level 3 spell: Mephitic Cloud
 12226 | Lair:1   | Entered Level 1 of the Lair of Beasts
 12284 | Lair:1   | Found an ancient bone altar of Kikubaaqudgha.
 12284 | Lair:1   | Noticed an oklob plant
 12340 | Lair:1   | Noticed a six-headed hydra
 12352 | Lair:1   | Slain by a six-headed hydra

Vault maps used:
D:1:      ncdulo_watergridlock, minmay_bisected
D:2:      uniq_jessica, uniq_iyjb
D:3:      first_bread, grunt_pakellas_basics
D:4:      minitemple, minmay_temple_entry_glassed_door, grunt_ministairs_15,
          uniq_robin, uniq_grinder
D:5:      fedhas_altar_fruit_tree, nicolae_gozag_cash_rules_everything_around_me
D:6:      serial_shops, shop_scrolls, kennysheep_generic_room_10
D:7:      uniq_joseph, uniq_prince_ribbit1
D:8:      black_bear_nest_1, lair_0_dummy, grunt_pizzeria
Temple:   hc_temple_tempest_star_small
Lair:1:   lemuel_oklob_altar, grunt_megastairs_2

Skill      XL: |  1  2  3  4  5  6  7  8  9 10 |
---------------+-------------------------------+-----
Spellcasting   | 4 5 6 7 8 |  8.7
Dodging        | 3 4 5 6 7 |  7.1
Shields        | 1 2 3 |  3.3
Hexes          | 1 2 3 5 |  5.1
Armour         | 1 2 3 |  3.2
Conjurations   | 2 3 4 |  4.4
Stealth        | 3 4 5 |  5.7
Fighting       | 1 2 |  2.8
Evocations     | 2 3 |  3.7
Fire Magic     | 4 5 |  5.3
Earth Magic    | 1 2 |  2.9
Air Magic      | 1 2 |  2.0

Action                   |  1- 3 |  4- 6 |  7- 9 | 10-12 || total
-------------------------+-------+-------+-------+-------++-------
Melee: Unarmed           |     2 |       |       |       ||     2
       Dagger            |    23 |    29 |   103 |     3 ||   158
       Staff             |       |     1 |     1 |       ||     2
 Cast: Flame Tongue      |    45 |    70 |   225 |    21 ||   361
       Throw Flame       |    11 |    20 |    35 |     5 ||    71
       Conjure Flame     |       |     7 |    11 |     1 ||    19
       Inner Flame       |       |     4 |    12 |       ||    16
       Sticky Flame      |       |     1 |     8 |     1 ||    10
       Sandblast         |       |       |     1 |       ||     1
       Fireball          |       |       |     1 |     1 ||     2
Evoke: Staff of energy   |       |     1 |     1 |       ||     2
       Wand              |       |       |     1 |       ||     1
  Use: Scroll            |       |     6 |    15 |     2 ||    23
       Potion            |       |       |     2 |       ||     2
 Stab: Sleeping          |     1 |     2 |     4 |     1 ||     8
  Eat: Chunk             |     2 |    12 |     8 |       ||    22
       Beef jerky        |       |       |     4 |       ||     4
       Pizza             |       |       |     1 |       ||     1
       Fruit             |       |       |     4 |       ||     4
       Royal jelly       |       |       |       |     2 ||     2
